 Dungeon Crawl Stone Soup version 0.18.1-50-g88ac8fd (webtiles) character file.

82 Gargoyl the Skirmisher (level 4, 37/37 HPs)
             Began as a Demonspawn Abyssal Knight on Sept 14, 2016.
             Was a Believer of Lugonu.
             Quit the game on level 2 of the Dungeon.
             The game lasted 00:02:54 (1945 turns).

Gargoyl the Skirmisher (Demonspawn Abyssal Knight)  Turns: 1945, Time: 00:02:55

Health: 37/37      AC: 10    Str: 13    XL:     4   Next: 21%
Magic:  6/6        EV:  9    Int: 14    God:    Lugonu [**....]
Gold:   123        SH:  0    Dex: 12    Spells: 0 memorised, 3 levels left

rFire  . . .     SeeInvis .     a - +1 hand axe
rCold  + . .     Gourm    .     l - +0 scale mail
rNeg   . . .     Faith    .     (no shield)
rPois  .         Spirit   +     (no helmet)
rElec  .         Dismiss  .     (no cloak)
rCorr  .         Reflect  .     f - +2 pair of gloves
SustAt .         Harm     .     d - +0 pair of boots
MR     .....                    (no amulet)
Stlth  ..........               (no ring)
                                i - ring of protection from cold

@: not resistant to hostile enchantments, extremely unstealthy
A: magic shield
a: Depart the Abyss, Bend Space, Renounce Religion


You were on level 2 of the Dungeon.
You worshipped Lugonu.
Lugonu was pleased with you.
You were hungry.

You visited 1 branch of the dungeon, and saw 2 of its levels.
You visited the Abyss 1 time.

You collected 123 gold pieces.

Inventory:

Hand Weapons
 a - a +1 hand axe (weapon)
Armour
 d - a +0 pair of boots (worn)
 f - a +2 pair of gloves (worn)
 l - a +0 scale mail (worn)
Jewellery
 i - a ring of protection from cold (left hand)
Wands
 u - a wand of paralysis (3/24)
Scrolls
 g - 3 scrolls of remove curse {unknown}
 h - 3 scrolls of fog {unknown}
 n - 3 scrolls of random uselessness {unknown}
 o - a scroll of magic mapping {unknown}
 p - a scroll of amnesia {unknown}
 q - 4 scrolls of identify {unknown}
 v - a scroll of blinking {unknown}
Potions
 b - a potion of ambrosia {unknown}
 e - a potion of haste {unknown}
 k - a potion of brilliance {unknown}
 m - a potion of curing {unknown}
 s - a potion of might {unknown}
Comestibles
 c - 2 bread rations
 j - a meat ration
 t - 4 fruits


   Skills:
 + Level 3.9 Fighting
 + Level 2.2 Axes
 * Level 2.4 Armour
 + Level 1.5 Dodging
 + Level 2.8 Invocations


You had 3 spell levels left.
You didn't know any spells.

Dungeon Overview and Level Annotations

Branches:
Dungeon (2/15)

Altars:


Innate Abilities, Weirdness & Mutations

When hurt, damage is shared between your health and your magic reserves.


Message History

The quokka is heavily wounded.
The quokka bites you.
You closely miss the quokka.
The quokka is heavily wounded.
The quokka bites you.
The quokka bites you but does no damage.
You hit the quokka.
You kill the quokka!
Lugonu accepts your kill.
Things that are here:
a quokka corpse; a bat corpse You start resting.
Magic restored.
You start resting.
You are feeling hungry.
There is a stone staircase leading down here.
HP restored.
You see here a club.
An adder comes into view.
Are you sure you want to abandon this character and quit the game? (Confirm with "yes".)

#<. (.#..#######.#...#
#..... #..
.##......###.#...# ####.#
#.. #. .........#.#..>#
####.. #..
.####....#.#...#####.....
. ##.....#.#.........####
#...........########
#...........#
#......)....#
##..<.@#.#### ##....#.#
..S.....#.# .########.#
#.# #.# #.# #.#
#.########


You could see an adder.

Vanquished Creatures
  Ijyb (D:2)
  2 oozes (D:1)
  A worm (D:2)
  A ball python (D:2)
  7 bats
  3 giant cockroaches
  7 goblins
  7 hobgoblins
  4 jackals (D:1)
  A quokka (D:2)
  A giant newt (D:1)
  4 kobolds
  3 rats (D:1)
  2 toadstools (D:1)
44 creatures vanquished.

Vanquished Creatures (others)
  2 toadstools (D:1)
2 creatures vanquished.

Grand Total: 46 creatures vanquished

Notes
Turn   | Place    | Note
--------------------------------------------------------------
     0 | Abyss:1  | Gargoyl the Demonspawn Abyssal Knight began the quest for the Orb.
     0 | Abyss:1  | Reached XP level 1. HP: 18/18 MP: 2/2
   113 | Abyss:1  | Found a corrupted altar of Lugonu.
   179 | Abyss:1  | Noticed a necromancer
   179 | Abyss:1  | Noticed a thrashing horror
   180 | Abyss:1  | Noticed a large abomination
   183 | D:1      | Escaped the Abyss
   453 | D:1      | Gained mutation: When hurt, damage is shared between your health and your magic reserves. [demonic ancestry]
   453 | D:1      | Reached XP level 2. HP: 15/24 MP: 3/3
   456 | D:1      | Reached skill level 1 in Dodging
   458 | D:1      | Reached * piety under Lugonu
   824 | D:1      | Reached XP level 3. HP: 24/29 MP: 4/4
  1530 | D:2      | Noticed Ijyb
  1532 | D:2      | Paralysed by Ijyb for 4 turns
  1539 | D:2      | Paralysed by Ijyb for 2 turns
  1550 | D:2      | Paralysed by Ijyb for 3 turns
  1553 | D:2      | Killed Ijyb
  1553 | D:2      | Reached XP level 4. HP: 28/37 MP: 2/6
  1686 | D:2      | Reached ** piety under Lugonu
  1945 | D:2      | Quit the game

Skill      XL: |  1  2 |
---------------+-------+-----
Dodging        | 1 |  1.5
Armour         | 2 |  2.4
Axes           | 2 |  2.2
Fighting       | |  3.9
Invocations    | |  2.8

Action                   |  1- 3 |  4- 6 || total
-------------------------+-------+-------++-------
Melee: Hand axe          |   102 |    42 ||   144
Invok: Depart the Abyss  |     1 |       ||     1
  Eat: Chunk             |     2 |     1 ||     3
Armor: Leather armour    |    22 |       ||    22
       Scale mail        |    45 |    30 ||    75
Dodge: Dodged            |    58 |    21 ||    79
